 Dungeon Crawl Stone Soup version 0.22-a0-348-gd16d1391c7 (webtiles) character file.

31 Dargar the Skirmisher (level 3, 0/33 HPs)
             Began as a Draconian Monk on Apr 9, 2018.
             Slain by Natasha (9 damage)
             ... on level 2 of the Dungeon.
             The game lasted 00:02:12 (1405 turns).

Dargar the Skirmisher (Draconian Monk)              Turns: 1405, Time: 00:02:13

Health: 0/33       AC:  5    Str: 13    XL:     3   Next: 7%
Magic:  3/3        EV: 13    Int: 10    God:
Gold:   66         SH:  0    Dex: 14    Spells: 2/2 levels left

rFire    . . .     SeeInvis .     - Unarmed
rCold    . . .     Gourm    .   (no shield)
rNeg     . . .     Faith    .   (armour unavailable)
rPois    .         Spirit   .   (helmet restricted)
rElec    .         Reflect  .   (no cloak)
rCorr    .         Harm     .   (no gloves)
MR       .....                  (no boots)
Stlth    ++........             (no amulet)
HPRegen  0.11/turn              (no ring)
MPRegen  0.08/turn              (no ring)

@: very slightly contaminated, slowed, invisible, very slow
A: unfitting armour, cold-blooded, AC +5
a: no special abilities


You were on level 2 of the Dungeon.
You were not hungry.

You visited 1 branch of the dungeon, and saw 2 of its levels.

You collected 66 gold pieces.

Inventory:

Missiles
 d - 10 poisoned needles
Jewellery
 c - an uncursed amulet of rage
 e - a cursed ring of loudness {unknown}
Comestibles
 a - a ration


   Skills:
 + Level 3.7 Fighting
 + Level 3.0 Dodging
 + Level 2.1 Stealth
 + Level 3.4 Unarmed Combat


You had 2 spell levels left.
You didn't know any spells.

Dungeon Overview and Level Annotations

Branches:
Dungeon (2/15)

Altars:

Annotations:
D:2 Natasha


Innate Abilities, Weirdness & Mutations

Your plain brown scales are hard. (AC +5)
You cannot fit into any form of body armour.
You are cold-blooded and may be slowed by cold attacks.


Message History

Natasha is lightly wounded.
Natasha claws you. The crimson imp barely misses you. Natasha misses you.
The crimson imp misses you.
All of the chunks of flesh in your inventory have rotted away.
You hit Natasha.
You tail-slap Natasha, but do no damage.
Natasha is moderately wounded.
Natasha claws you. The crimson imp barely misses you.
You barely miss Natasha.
Natasha is moderately wounded.
Natasha barely misses you. The crimson imp barely misses you.
You hit Natasha.
Natasha is severely wounded.
Natasha barely misses you. The crimson imp hits you. Natasha claws you.
* * * LOW HITPOINT WARNING * * *
The crimson imp completely misses you.
You hit Natasha.
Natasha is almost dead.
Natasha claws you!
You die...

############
#..........########
#..........'.......
#..........#######.
##.........@hb.....
#>.........5......
#.#.######...[.##. #.#.#
#.....# #.#.# .....##
#######...###.........
............+..........
#############...........
#..........######...#


You could see Natasha, a crimson imp and a bat.

Vanquished Creatures
  An adder (D:2)
  2 ball pythons (D:1)
  4 goblins (D:1)
  4 hobgoblins (D:1)
  2 bats
  2 frilled lizards (D:1)
  3 kobolds (D:1)
  4 rats
22 creatures vanquished.

Notes
Turn   | Place    | Note
-------+----------+-------------------------------------------
     0 | D:1      | Dargar the Draconian Monk began the quest for the Orb.
     0 | D:1      | Reached XP level 1. HP: 19/19 MP: 1/1
   263 | D:1      | Reached XP level 2. HP: 22/26 MP: 2/2
  1181 | D:2      | Reached XP level 3. HP: 9/33 MP: 3/3
  1394 | D:2      | Noticed Natasha
  1405 | D:2      | Slain by Natasha

Vault maps used:
D:1:      dpeg_arrival_chase
D:2:      overflow_temple_1_default, minivault_25, uniq_natasha

Skill      XL: |  1  2 |
---------------+-------+-----
Stealth        | 2 |  2.1
Dodging        | 3 |  3.0
Fighting       | |  3.7
Unarmed Combat | |  3.4

Action                   || total
-------------------------++-------
Melee: Unarmed           ||    88
       Tailslap          ||     7
  Use: Scroll            ||     5
       Potion            ||     2
 Stab: Sleeping          ||     4
  Eat: Chunk             ||     2
Armor: Skin              ||    27
Dodge: Dodged            ||    72

Table legend:
 A = Spawn XP
 B = Non-spawn XP
 C = Spawn XP percentage of total XP
 D = Spawn monster count
 E = Non-spawn monster count
 F = Spawn count percentage of total count
 G = Total turns spent on level
                    A         B        C        D         E        F      G
               +---------+---------+-------+---------+---------+-------+---------
         Total |       0 |      45 |   0.0 |       0 |      22 |   0.0 |  1405
               +---------+---------+-------+---------+---------+-------+---------
           D:1 |       0 |      28 |   0.0 |       0 |      17 |   0.0 |  1097
           D:2 |       0 |      17 |   0.0 |       0 |       5 |   0.0 |   308
               +---------+---------+-------+---------+---------+-------+---------
